 Dungeon Crawl Stone Soup version 0.24.1-14-gf8d2b509d9 (webtiles) character file.

Game seed: 5203302961803066068, levelgen mode: deterministic

33 lepoulpe303 the Vexing (level 3, -3/20 HPs)
             Began as a Deep Elf Arcane Marksman on May 19, 2020.
             Slain by a worm (4 damage)
             ... on level 1 of the Dungeon.
             The game lasted 00:07:03 (1339 turns).

lepoulpe303 the Vexing (Deep Elf Arcane Marksman)   Turns: 1339, Time: 00:07:03

Health: -3/20      AC: 10    Str:  7    XL:     3   Next: 12%
Magic:  9/9        EV: 13    Int: 18    God:
Gold:   71         SH:  0    Dex: 15    Spells: 1/7 levels left

rFire    . . .     SeeInvis .   a - +0 dagger (protect)
rCold    . . .     Gourm    .   (no shield)
rNeg     . . .     Faith    .   f - +1 robe
rPois    .         Spirit   .   (no helmet)
rElec    .         Reflect  .   (no cloak)
rCorr    .         Harm     .   (no gloves)
MR       .....                  (no boots)
Stlth    +.........             (no amulet)
HPRegen  0.06/turn              (no ring)
MPRegen  0.11/turn              (no ring)

@: protection aura
A: no striking features
a: no special abilities


You were on level 1 of the Dungeon.
You were not hungry.

You visited 1 branch of the dungeon, and saw 2 of its levels.

You collected 71 gold pieces.

Inventory:

Hand Weapons
 a - a +0 dagger of protection (weapon)
 b - a +0 shortbow
Missiles
 Q - 12 arrows
Armour
 f - a +1 robe (worn)
Jewellery
 k - an uncursed ring of positive energy {unknown}
Scrolls
 h - a scroll of remove curse {unknown}
Potions
 g - a potion of ambrosia {unknown}
Comestibles
 d - 4 chunks of flesh
 e - 3 rations


   Skills:
 + Level 1.1 Fighting
 + Level 0.0 Short Blades
 * Level 2.7 Bows
 + Level 2.6 Dodging
 * Level 2.6 Spellcasting
 * Level 4.3 Hexes


You had one spell level left.
You knew the following spells:

 Your Spells              Type           Power        Failure   Level  Hunger
a - Inner Flame           Hex/Fire       ##......     21%         3    ###....
s - Slow                  Hex            ###.....     4%          2    ##.....
v - Corona                Hex            ###....      2%          1    #......

Your spell library contained the following spells:

 Spells                   Type           Power        Failure   Level  Hunger
 Portal Projectile        Hex/Tloc       ##....       21%         3    ###....
 Cause Fear               Hex            ###.......   28%         4    #####..
 Leda's Liquefaction      Hex/Erth       ##........   56%         4    #####..


Dungeon Overview and Level Annotations

Branches:
Dungeon (2/15)

Altars:


Message History

It is a scroll of amnesia.
Really abort (and waste the scroll)? [Y]es or [N]o only, please.
Really abort (and waste the scroll)?
Okay, then.
As you read the scroll labeled JIMOAFAATZ, it crumbles to dust.
It is a scroll of enchant armour.
Your +0 robe glows green for a moment.
As you read the scroll labeled PAITTASHRUM, it crumbles to dust.
The scroll dissolves into smoke.
It was a scroll of fog.
The worm completely misses you.
You hit the worm.
Your weapon exudes an aura of protection.
The worm barely misses you.
You hit the worm.
MP restored: 9 You barely miss the worm.
The worm closely misses you.
You hit the worm. You barely miss the worm. The worm bites you.
You die...

..#.# ####....#...# #.# ##.##
# ..#.# #....#..#.###
#.###.#.#### .##.# #.##...##.#
#....###.... .##.# #.###.###.#
#####.#.#### ....# #......##.#
##.## ..#### #####..##.# #.#
.....# #..##§# #.# .....#
#..##w# #.# .....# #..##@#♣♣♣
###.# .>...#
#..#♣♣♣♣8♣♣♣♣#...#
.....#######..♣♣.......♣♣..##
......>......♣♣.♣♣♣♣♣♣♣.♣♣..#
......######♣♣.♣♣....8♣.8♣♣.#
............♣.♣♣.♣♣♣.♣♣.♣♣♣.##
......#.####♣.♣.♣♣8♣.♣.♣♣<♣..#
.#...##.# ♣♣.♣.♣....♣.♣..♣..#
.##.###.# ♣8.♣.♣.♣8♣♣.♣.♣♣..#


You could see a worm.

Levels and vault maps discovered:
D:1:      nagdon_arrival_double_spiral, layout_loops_ring, minmay_cupped
D:2:      cheibrodos_old_hovel, layout_basic

Notes
Turn   | Place    | Note
-------+----------+-------------------------------------------
     0 | D:1      | lepoulpe303 the Deep Elf Arcane Marksman began the quest
                  | for the Orb.
     0 | D:1      | Reached XP level 1. HP: 11/11 MP: 5/5
   272 | D:1      | Reached skill level 2 in Spellcasting
   277 | D:1      | Reached XP level 2. HP: 16/16 MP: 7/7
   280 | D:1      | Reached skill level 1 in Fighting
   419 | D:1      | Identified a +0 dagger of protection
   434 | D:1      | Identified a +0 shortbow
   864 | D:2      | Noticed a phantom
  1033 | D:1      | Learned a level 2 spell: Slow
  1068 | D:1      | Reached XP level 3. HP: 15/20 MP: 8/8
  1073 | D:1      | Learned a level 3 spell: Inner Flame
  1144 | D:2      | Identified a +0 club
  1144 | D:2      | Identified a +0 hunting sling
  1145 | D:2      | Identified a +0 dagger
  1305 | D:1      | HP: 1/20 [worm (11)]
  1322 | D:1      | HP: 1/20 [giant cockroach (1)]
  1327 | D:1      | HP: 1/20 [giant cockroach (1)]
  1332 | D:1      | Identified a scroll of amnesia
  1333 | D:1      | Identified a scroll of enchant armour
  1334 | D:1      | Identified a scroll of fog
  1339 | D:1      | Slain by a worm

Table legend:
 A = Turns spent in this place as a percentage of turns spent in the entire game.
 B = Non-inter-level travel turns spent in this place as a percentage of non-inter-level travel turns spent in the entire game.
 C = Inter-level travel turns spent in this place as a percentage of turns spent in this place.
 D = Turns resting spent in this place as a percentage of non-inter-level travel turns spent in this place.
 E = Turns spent auto-exploring this place as a percentage of non-inter-level travel turns spent in this place.
 F = Non-inter-level travel turns spent in this place divided by the number of levels of this place that you've seen.
                   A       B       C       D       E      F
               +-------+-------+-------+-------+-------+----------------------
         Total | 100.0 | 100.0 |   8.4 |  29.6 |  48.4 | 613.0
       Dungeon | 100.0 | 100.0 |   8.4 |  29.6 |  48.4 | 613.0
               +-------+-------+-------+-------+-------+----------------------

Table legend:
 A = Kills in this place as a percentage of kills in entire the game.
 B = Kills by you in this place as a percentage of kills by you in the entire game.
 C = Kills by friends in this place as a percentage of kills by friends in the entire game.
 D = Other kills in this place as a percentage of other kills in the entire game.
 E = Experience gained in this place as a percentage of experience gained in the entire game.
 F = Experience gained in this place divided by the number of levels of this place that you have seen.
                   A       B       C       D       E      F
               +-------+-------+-------+-------+-------+----------------------
         Total | 100.0 | 100.0 |   N/A |   N/A | 100.0 |  24.0
       Dungeon | 100.0 | 100.0 |   N/A |   N/A | 100.0 |  24.0
               +-------+-------+-------+-------+-------+----------------------

Skill      XL: |  1  2 |
---------------+-------+-----
Spellcasting   | 2 |  2.6
Fighting       | 1 |  1.1
Bows           | |  2.7
Dodging        | |  2.6
Hexes          | |  4.3

Action                   || total
-------------------------++-------
Melee: Dagger            ||    54
 Fire: Shortbow          ||    54
Throw: Dart              ||     8
 Cast: Slow              ||     1
  Use: Scroll            ||     3
 Stab: Sleeping          ||     1
  Eat: Chunk             ||     1
Armor: Robe              ||    20
Dodge: Dodged            ||    60

Vanquished Creatures
  An ooze (D:1)
  A dart slug (D:2)
  2 leopard geckos (D:1)
  A giant cockroach (D:1)
  A goblin (D:1)
  3 hobgoblins (D:1)
  2 jackals (D:1)
  A quokka (D:1)
  3 bats (D:1)
  4 frilled lizards
  3 kobolds (D:1)
  4 rats
26 creatures vanquished.
